 Dungeon Crawl Stone Soup version 0.29-a0-982-gaed3a0c8d8 (webtiles) character file.

Game seed: 7516964817053870312

57551 spiderkeys the Warrior (level 14, -2/140 HPs)
             Began as a Hill Orc Monk on Aug 1, 2022.
             Was a High Priest of Beogh.
             Slain by a fire elemental (8 damage)
             ... summoned by a deep elf pyromancer
             ... on level 12 of the Dungeon.
             The game lasted 00:38:07 (23956 turns).

spiderkeys the Warrior (Hill Orc Monk)             Turns: 23956, Time: 00:38:08

Health: -2/140     AC: 30    Str: 19    XL:     14   Next: 86%
Magic:  1/21       EV:  8    Int: 10    God:    Beogh [*****.]
Gold:   1388       SH:  7    Dex: 21    Spells: 13/13 levels left

rFire   . . .      SeeInvis .   x - +3 broad axe (spect)
rCold   + . .      Faith    +   i - +0 buckler
rNeg    + + +      Spirit   .   k - +2 plate armour {rPois}
rPois   +          Reflect  .   A - +2 hat {Will+}
rElec   .          Harm     .   W - +2 cloak {Will+}
rCorr   .          Rampage  .   K - +2 pair of gloves {infuse}
Will    +++..                   t - +0 pair of boots
Stlth   ..........              T - amulet of faith {!P}
HPRegen 0.33/turn               D - +6 ring of dexterity
MPRegen 0.17/turn               h - ring of the Thistle {rPois rC+ rN+++ Dex+2 Slay-2}

@: studying Ice Magic
A: walk on water
a: Renounce Religion, Smiting, Recall Orcish Followers, Give Item to Named
Follower


You were on level 12 of the Dungeon.
You worshipped Beogh.
Beogh was extremely pleased with you.
You visited 2 branches of the dungeon, and saw 17 of its levels.
You visited the Abyss 1 time.
You also visited: Ice Cave.

You collected 1388 gold pieces.


   Skills:
 + Level 17.0 Fighting
 + Level 16.2 Axes
 + Level 15.4 Armour
 - Level 2.4 Dodging
 - Level 1.5 Stealth
 - Level 8.0 Shields
 + Level 10.4 Invocations


You had 13 spell levels left.
You didn't know any spells.
Your spell library contained the following spells:

 Spells                   Type           Power      Damage    Failure   Level
 Foxfire                  Conj/Fire      0%         2x1d4     99%         1
 Scorch                   Fire           0%         2d5       100%        2
 Conjure Flame            Conj/Fire      0%         6-21      100%        3
 Dazzling Flash           Conj/Hex       0%         N/A       100%        3
 Inner Flame              Hex/Fire       0%         N/A       100%        3
 Flame Wave               Conj/Fire      0%         2d4       100%        4
 Fulminant Prism          Conj/Hex       0%         3d6       100%        4
 Iskenderun's Mystic Bla  Conj/Tloc      0%         2d3       100%        4
 Olgreb's Toxic Radiance  Pois           0%         N/A       100%        4
 Petrify                  Tmut/Erth      0%         N/A       100%        4
 Iskenderun's Battlesphe  Conj           0%         2d6       100%        5
 Lee's Rapid Deconstruct  Erth           0%         3d5*      100%        5
 Metabolic Englaciation   Hex/Ice        0%         N/A       100%        5
 Iron Shot                Conj/Erth      0%         9d1       100%        6
 Starburst                Conj/Fire      0%         6d3       100%        6
 Statue Form              Tmut/Erth      0%         N/A       100%        6
 Summon Cactus Giant      Summ           0%         N/A       100%        6
 Ozocubu's Refrigeration  Ice            0%         4d7       100%        7
 Spellforged Servitor     Conj/Summ      0%         N/A       100%        7
 Ignition                 Fire           0%         3d3       100%        8

Inventory:

Hand Weapons
 x - a +3 spectral broad axe (weapon)
   (You found it on level 11 of the Dungeon)
 H - the +9 spear of the Shoals {antimagic, rF- Str+9 Int+4 Dex+2}
   (You found it in an ice cave)

   It reduces the magical energy of the wielder, and disrupts the spells and
   magical abilities of those it strikes.
   Natural abilities and divine invocations are not affected.
   Str:       It affects your strength (+9).
   Int:       It affects your intelligence (+4).
   Dex:       It affects your dexterity (+2).
   rF:        It makes you vulnerable to fire.
 Y - a +2 hand axe of electrocution
   (You found it on level 5 of the Dungeon)
Missiles
 f - 3 javelins (quivered)
 p - 7 boomerangs
 F - 32 poisoned darts
 M - a throwing net {=f!f}
Armour
 i - a +0 buckler (worn)
   (You found it on level 2 of the Dungeon)
 j - a +1 tower shield of reflection
   (You found it in an ice cave)
 k - a +2 plate armour of poison resistance (worn)
   (You found it on level 8 of the Dungeon)
 t - a +0 pair of boots (worn)
   (You found it on level 6 of the Dungeon)
 y - a scarf of resistance
   (You found it on level 3 of the Dungeon)
 A - a +2 hat of willpower (worn)
   (You took it off Gastronok on level 1 of the Lair of Beasts)
 I - a +1 helmet
   (You found it on level 4 of the Dungeon)
 K - a +2 pair of gloves of infusion (worn)
   (You found it on level 4 of the Dungeon)
 W - a +2 cloak of willpower (worn)
   (You found it on level 11 of the Dungeon)
Magical Staves
 z - a staff of fire {!a}
   (You found it on level 5 of the Lair of Beasts)
Jewellery
 d - the ring of Joy {rCorr Int+6}
   (You found it in an ice cave)

   [ring of intelligence]

   Int:       It affects your intelligence (+6).
   rCorr:     It protects you from acid and corrosion.
 h - the ring of the Thistle (right hand) {rPois rC+ rN+++ Dex+2 Slay-2}
   (You acquired it on level 5 of the Dungeon)

   [ring of protection from cold]

   Dex:       It affects your dexterity (+2).
   Slay:      It affects your accuracy & damage with ranged weapons and melee
   (-2).
   rC:        It protects you from cold.
   rPois:     It protects you from poison.
   rN:        It renders you almost immune to negative energy.
 D - a +6 ring of dexterity (left hand)
   (You found it on level 2 of the Dungeon)
 L - a ring of flight
   (You found it on level 1 of the Lair of Beasts)
 O - a +4 ring of protection
   (You found it on level 1 of the Dungeon)
 T - an amulet of faith (around neck) {!P}
   (You found it on level 2 of the Dungeon)
Wands
 w - a wand of flame (35)
   (You found it on level 6 of the Dungeon)
 B - a wand of charming (3)
   (You found it on level 9 of the Dungeon)
 R - a wand of roots (4)
   (You found it on level 4 of the Dungeon)
Scrolls
 a - 4 scrolls of enchant armour
 b - a scroll of identify {@r1}
 l - 2 scrolls of magic mapping {!r}
 o - a scroll of torment {!r}
 q - 5 scrolls of teleportation {@r4}
 u - 2 scrolls of vulnerability {!r!r}
 v - 3 scrolls of immolation {!r!r}
 G - 2 scrolls of fear
 U - 3 scrolls of poison
 V - 2 scrolls of butterflies
Potions
 c - 3 potions of ambrosia
 e - 4 potions of curing {@q1}
 g - 7 potions of lignification {!q}
 m - 2 potions of flight
 n - 3 potions of attraction {!q}
 s - 3 potions of mutation {!q}
 C - 4 potions of brilliance
 E - a potion of resistance {unknown}
 N - a potion of degeneration {unknown}
 Q - a potion of magic {unknown}
 S - a potion of invisibility
 X - 5 potions of haste {@q3}
 Z - 2 potions of might
Miscellaneous
 P - a lightning rod (2/4)
   (You found it on level 9 of the Dungeon)

Dungeon Overview and Level Annotations

Branches:
Dungeon (12/15) Zot: 26467  Temple (0/1) D:6            Lair (5/5) D:10 Zot: 22447
 Shoals (0/4) Lair:2        Snake (0/4) Lair:2        Slime (0/5) Lair:4
    Orc (0/2) D:9           IceCv (visited)

Altars:
Ashenzari
Cheibriados
Elyvilon
Hepliaklqana
Kikubaaqudgha
Nemelex Xobeh
Wu Jian
Yredelemnul
Zin
The Shining One
Jiyva
Lugonu

Shops:
D:6 (

Portals:
Abyss: Lair:5

Annotations:
D:3 3 runed translucent doors, freelancePsychic's ghost, amateur BaFE
D:9 1 runed translucent door, jujuben's ghost, novice TrTm
Lair:3 3 runed translucent doors, Pooter's ghost, journeyman MiBe

###. #### ## ...# ..# ##..
..# #...#### ..# #.##...###
..# #####...###..### o.#
..........###eE###e.#
#########...###@E#ā—‹.###+#
###...###EĀ°...... ##
##....###.#.... ###.
#......# .. # #...
#......## ## ##.#.
#.###...# #..#. #.# ###.##
##.... #.# #..# #...## #.#
##.## ##.####


You could see a deep elf pyromancer and 3 fire elementals.


Message History

* * * LOW HITPOINT WARNING * * *
The 11-headed hydra barely misses you. The 11-headed hydra closely misses you.
The 11-headed hydra bites you.
* * * LOW HITPOINT WARNING * * *
The 11-headed hydra bites you but does no damage. x2
The 11-headed hydra bites you!
* * * LOW HITPOINT WARNING * * *
šŸ˜± HP[-25] MP[-3]
You take 25 damage, and now have 5/140 hp.
You lost 3 mp, and now have 5/21 mp.
Unknown command.
Aiming: Smiting
Press: ? - help, Dir - move target, f/p - 11-headed hydra Smite: an 11-headed hydra (almost dead)
You smite the 11-headed hydra!!
You kill the 11-headed hydra!
Beogh accepts your kill.
You can no longer revive fallen orcs. šŸ˜± HP[+1] MP[-3]
You lost 3 mp, and now have 2/21 mp.
You feel better. The human barely misses you.
The deep elf pyromancer casts a spell. šŸ˜± HP[+10]
You regained 10 hp, and now have 16/140 hp.
You feel better.
The human hits you but does no damage. šŸ˜± HP[+7] MP[+1]
You regained 7 hp, and now have 23/140 hp.
You feel better. The human hits you but does no damage.
The deep elf pyromancer mumbles some strange words. šŸ˜± HP[+9]
You regained 9 hp, and now have 32/140 hp.
You feel better.
The human hits you but does no damage. šŸ˜Ø HP[+7]
You regained 7 hp, and now have 39/140 hp.
You slash the human!
You kill the human!
Beogh accepts your kill. šŸ˜Ø MP[-1]
You lost 1 mp, and now have 2/21 mp.
The cyclops closely misses you. šŸ˜Ø HP[+1]
You hit the cyclops.
The deep elf pyromancer gestures wildly while chanting.
The deep elf pyromancer blinks!
You block the cyclops's attack. šŸ˜Ø MP[-1]
You lost 1 mp, and now have 1/21 mp.
You slash the cyclops!
The deep elf pyromancer casts a spell.
You hit the cyclops.
You hit the fire elemental but do no damage.
You block the cyclops's attack.
The fire elemental hits you. šŸ˜Ø MP[-1]
You lost 1 mp, and now have 0/21 mp.
You hit the cyclops. You miss the fire elemental. The fire elemental hits you.
The fire elemental burns you!
* * * LOW HITPOINT WARNING * * *
šŸ˜± HP[-12]
You take 12 damage, and now have 28/140 hp.
You hit the cyclops. You barely miss the fire elemental.
The cyclops hits you but does no damage.
The fire elemental hits you. The fire elemental burns you!
* * * LOW HITPOINT WARNING * * *
šŸ˜± HP[-3]
You take 3 damage, and now have 25/140 hp.
You hit the cyclops.
You hit the fire elemental but do no damage.
The fire elemental hits you. The fire elemental burns you!
* * * LOW HITPOINT WARNING * * *
šŸ˜± HP[-11]
You take 11 damage, and now have 14/140 hp.
You barely miss the cyclops. You slash the fire elemental!
You block the cyclops's attack. The fire elemental hits you.
The fire elemental burns you!
* * * LOW HITPOINT WARNING * * *
šŸ˜± HP[-2]
You take 2 damage, and now have 12/140 hp.
Okay, then.
You slice the cyclops!!
You kill the cyclops!
Beogh accepts your kill.
You slash the fire elemental! The fire elemental hits you.
The fire elemental burns you!
* * * LOW HITPOINT WARNING * * *
šŸ˜± HP[-5]
You take 5 damage, and now have 7/140 hp.
Unknown command.
You feel better. The fire elemental barely misses you.
The fire elemental completely misses you. šŸ˜± HP[+10] MP[+1]
You regained 10 hp, and now have 17/140 hp.
You feel better. You block the fire elemental's attack.
The deep elf pyromancer gestures at you while chanting.
The bolt of fire hits the fire elemental.
The fire elemental completely resists.
The bolt of fire hits you!
* * * LOW HITPOINT WARNING * * *
The bolt of fire misses the fire elemental.
The bolt of fire hits the fire elemental.
The fire elemental completely resists.
The fire elemental hits you. The fire elemental burns you!
You die...

Skill      XL: |  1  2  3  4  5  6  7  8  9 10 11 12 13 14 |
---------------+-------------------------------------------+-----
Armour         | 1 2 3 4 6 7 9 11 12 14 15 | 15.4
Fighting       | 4 5 6 7 9 10 12 14 15 17 | 17.0
Shields        | 1 2 3 4 5 7 8 |  8.0
Axes           | 5 6 7 8 9 11 13 15 16 | 16.2
Invocations    | 7 10 | 10.4
Dodging        | |  2.4
Stealth        | |  1.5

Action                   |  1- 3 |  4- 6 |  7- 9 | 10-12 | 13-15 || total
-------------------------+-------+-------+-------+-------+-------++-------
Melee: Hand axe          |    91 |   240 |   277 |   449 |   441 ||  1498
       Punch             |     1 |       |       |       |       ||     1
       Spear             |       |       |       |       |   280 ||   280
       Broad axe         |       |       |       |       |    37 ||    37
Throw: Dart              |       |       |     1 |     2 |       ||     3
Invok: Convert to Beogh  |       |       |     1 |       |       ||     1
       Recall Orcish Fol |       |       |       |     3 |     4 ||     7
       Smiting           |       |       |       |     5 |    13 ||    18
Evoke: Wand              |       |       |     4 |     8 |     1 ||    13
       Lightning rod     |       |       |       |       |     3 ||     3
  Use: Potion            |       |     1 |       |       |    20 ||    21
       Scroll            |       |       |    14 |     7 |    21 ||    42
 Stab: Sleeping          |     3 |       |     3 |       |       ||     6
       Confused          |       |       |     1 |     2 |       ||     3
       Distracted        |       |       |       |     4 |     6 ||    10
Armor: Robe              |    12 |       |       |       |       ||    12
       Ring mail         |    14 |    79 |    50 |       |       ||   143
       Skin              |       |    19 |       |       |       ||    19
       Leather armour    |       |       |    60 |    20 |       ||    80
       Plate armour      |       |       |       |   246 |   311 ||   557
       Ice dragon scales |       |       |       |       |   127 ||   127
Dodge: Dodged            |    52 |    97 |   131 |   113 |   260 ||   653
Block: Buckler           |     7 |    38 |    51 |   106 |   235 ||   437

Levels and vault maps discovered:
D:1:      psy_arrival_fountain, layout_loops_ring,
          shapermc_ecumenical_altar_notcrosses, minmay_tromino_mix6
D:2:      layout_loops_corners
D:3:      layout_loops_cross, nicolae_yredelemnul_ghost_church,
          elyvilon_altar_3, slow_altar_2, lightli_corner_chamber
D:4:      layout_gridville, chequers_temple_overflow_statue_of_worship,
          minivault_1, grunt_ministairs_10
D:5:      layout_cave_pods, uniq_blork_the_orc
D:6:      layout_basic, minmay_temple_entry_drinking_statues, serial_shops,
          nicolae_shop_crystal, grunt_ministairs_3, minivault_23,
          chequers_garden, uniq_duvessa
D:7:      layout_rooms, mainiacjoe_overflow_alcove_2
D:8:      layout_cave_pods, hellmonk_guarded_unrand_vines
D:9:      layout_basic, nemelex_spade_bored_becter, minmay_orc_entry_guard_dogs,
          ebering_ghost_reflecting_pool, uniq_erolcha
D:10:     layout_loops_ring, mainiacjoe_overflow_swirl, dpeg_oklobed_lair,
          uniq_maggie
D:11:     layout_cave_pools, uniq_lodul, uniq_sonja
D:12:     minmay_the_grid_four_pointed_star_mashed
          [minmay_the_grid_triangle_9x9_odd_lines,
          minmay_the_grid_triangle_9x9_warning,
          minmay_the_grid_triangle_9x9_corrupted_corridor,
          minmay_the_grid_triangle_9x9_cache,
          minmay_the_grid_prize_shrinking_boxes], layout_loops_ring, uniq_fannar
Lair:1:   layout_concentric_octagons, grunt_megastairs_1, uniq_gastronok
Lair:2:   dreamdust_isle_of_ice, layout_big_grid,
          minmay_shoals_entry_lonely_mermaid, dummy_snake_entry
Lair:3:   layout_loops_ring, ebering_ghost_rock_garden, columned_hall_lemuel,
          serial_bayou_pond_d
Lair:4:   layout_big_grid, slime_entry_1, chequers_serial_rivers_micro_b,
          beast_lair_carwin_1
Lair:5:   hellmonk_lair_end_abyssal_woods, layout_regular_city,
          nicolae_volcano_entry_hallway,
          portal_ice_cave_entry_animals_and_master,
          chequers_serial_rivers_micro_a, st_stairs_7, uniq_nessos

Notes
Turn   | Place    | Note
-------+----------+-------------------------------------------
     0 | D:1      | spiderkeys the Hill Orc Monk began the quest for the Orb.
     0 | D:1      | Reached XP level 1. HP: 19/19 MP: 1/1
     0 | D:1      | magus.rc [v1.11.3]
   126 | D:1      | Found a faded altar of an unknown god.
   179 | D:1      | Reached XP level 2. HP: 25/27 MP: 2/2
   251 | D:1      | Reached skill level 1 in Armour
   487 | D:1      | Reached skill level 4 in Fighting
   658 | D:1      | You pick up a book of Scorching and begin reading...
   658 | D:1      | You add the spells Scorch, Flame Wave and Summon Cactus
                  | Giant to your library.
   991 | D:2      | Reached XP level 3. HP: 33/33 MP: 3/3
  1406 | D:2      | Reached skill level 2 in Armour
  1406 | D:2      | Reached XP level 4. HP: 34/41 MP: 4/4
  1620 | D:2      | Reached skill level 1 in Shields
  1905 | D:2      | Reached skill level 5 in Axes
  2150 | D:3      | HP: 10/41 [gnoll/+0 flail (8)]
  2153 | D:3      | Reached XP level 5. HP: 9/47 MP: 5/5
  2158 | D:2      | HP: 9/47 [orc/+0 hand axe (1)]
  2474 | D:3      | Reached skill level 5 in Fighting
  2474 | D:3      | Reached skill level 2 in Shields
  2480 | D:3      | Reached skill level 3 in Armour
  2480 | D:3      | Reached XP level 6. HP: 27/56 MP: 6/6
  2764 | D:3      | You pick up a book of Flames and begin reading...
  2764 | D:3      | You add the spells Foxfire, Conjure Flame and Inner Flame
                  | to your library.
  3150 | D:3      | Found a runed translucent gate.
  3150 | D:3      | Found a runed translucent gate.
  3150 | D:3      | Found a runed translucent gate.
  3150 | D:3      | Noticed freelancePsychic's ghost (amateur BaFE)
  3152 | D:3      | Found a basalt altar of Yredelemnul.
  3419 | D:3      | Found a white marble altar of Elyvilon.
  3538 | D:3      | Found a snail-covered altar of Cheibriados.
  3632 | D:4      | Reached skill level 6 in Axes
  3786 | D:4      | Found a glowing silver altar of Zin.
  3786 | D:4      | Found a hazy altar of Hepliaklqana.
  3787 | D:4      | Found an ornate altar of the Wu Jian Council.
  3845 | D:4      | Reached skill level 3 in Shields
  4022 | D:3      | Reached XP level 7. HP: 45/61 MP: 7/7
  4841 | D:5      | Entered Level 5 of the Dungeon
  4859 | D:4      | Reached skill level 4 in Armour
  5118 | D:5      | Reached skill level 6 in Fighting
  5423 | D:5      | Became a worshipper of Beogh the Brigand
  5423 | D:5      | Reached * piety under Beogh
  5423 | D:5      | Reached ** piety under Beogh
  5540 | D:5      | Noticed Blork the orc
  5551 | D:5      | Killed Blork the orc
  5552 | D:5      | Reached skill level 4 in Shields
  5654 | D:5      | Reached skill level 7 in Axes
  5654 | D:5      | Reached XP level 8. HP: 66/71 MP: 1/8
  6307 | D:5      | Identified a scroll of acquirement
  6308 | D:5      | Acquired the ring of the Thistle {rPois rC+ rN+++ Dex+2
                  | Slay-2}
  6390 | D:5      | Reached skill level 5 in Armour
  6592 | D:6      | Found a staircase to the Ecumenical Temple.
  6649 | D:6      | Reached skill level 7 in Fighting
  6649 | D:6      | Reached skill level 5 in Shields
  6665 | D:6      | Reached skill level 8 in Axes
  6859 | D:6      | Noticed Duvessa
  6859 | D:6      | Noticed Dowan
  6867 | D:6      | Killed Duvessa
  6876 | D:6      | Killed Dowan
  7041 | D:6      | Found Yskewoc's Weapon Shop.
  7079 | D:6      | Reached skill level 6 in Armour
  7079 | D:6      | Reached XP level 9. HP: 79/79 MP: 6/9
  7471 | D:7      | Reached *** piety under Beogh
  7479 | D:7      | Reached skill level 8 in Fighting
  7479 | D:7      | Reached skill level 6 in Shields
  7486 | D:7      | Reached skill level 9 in Axes
  7749 | D:7      | Noticed a hornet
  7753 | D:7      | Killed a hornet
  7813 | D:7      | Reached skill level 7 in Armour
  8093 | D:7      | Found an ancient bone altar of Kikubaaqudgha.
  8236 | D:8      | Reached skill level 7 in Shields
  8398 | D:8      | Noticed a troll
  8404 | D:8      | Killed a troll
  8405 | D:8      | Reached skill level 9 in Fighting
  8405 | D:8      | Reached XP level 10. HP: 86/91 MP: 7/10
  8421 | D:8      | Reached skill level 10 in Axes
  8515 | D:8      | Noticed an eight-headed hydra
  8532 | D:8      | Killed an 11-headed hydra
  8553 | D:8      | Reached **** piety under Beogh
  8874 | D:8      | You pick up a book of Blasting and begin reading...
  8874 | D:8      | You add the spells Fulminant Prism, Iskenderun's Mystic
                  | Blast and Lee's Rapid Deconstruction to your library.
  8893 | D:8      | Reached skill level 8 in Armour
  9191 | D:8      | Noticed a gargoyle
  9201 | D:8      | Killed a gargoyle
  9278 | D:8      | Found the +1 robe of Vines {NoPotionHeal Regen++++}
  9547 | D:9      | Reached skill level 8 in Shields
  9563 | D:9      | Found a staircase to the Orcish Mines.
  9706 | D:9      | Noticed Erolcha
  9720 | D:9      | Killed Erolcha
  9721 | D:9      | Reached skill level 10 in Fighting
  9721 | D:9      | Reached skill level 11 in Axes
 10032 | D:9      | Found a runed translucent door.
 10038 | D:9      | Noticed jujuben's ghost (novice TrTm)
 10059 | D:9      | Reached skill level 9 in Armour
 10059 | D:9      | Gained Boghold as an ally
 10071 | D:9      | Reached XP level 11. HP: 98/101 MP: 0/11
 10322 | D:9      | Found a sparkling altar of Nemelex Xobeh.
 10752 | D:10     | Entered Level 10 of the Dungeon
 10891 | D:10     | You pick up a book of Power and begin reading...
 10891 | D:10     | You add the spells Iskenderun's Battlesphere, Iron Shot and
                  | Spellforged Servitor to your library.
 10918 | D:10     | Identified the +6 dagger "Goblin's Regret" {vorpal,
                  | *Corrode +Blink Fly Stlth+}
 10960 | D:10     | Noticed Maggie
 10968 | D:10     | Reached skill level 11 in Fighting
 10968 | D:10     | Reached skill level 12 in Axes
 10972 | D:10     | Noticed a two-headed ogre
 10978 | D:10     | Killed Maggie
 10981 | D:10     | Killed a two-headed ogre
 10995 | D:10     | Reached ***** piety under Beogh
 11237 | D:10     | Gained Bogdan as an ally
 11417 | D:10     | Found a broken altar of Ashenzari.
 11434 | D:10     | Found a glowing golden altar of the Shining One.
 11537 | D:10     | Reached skill level 10 in Armour
 11642 | D:10     | Found a staircase to the Lair.
 11993 | Lair:1   | Entered Level 1 of the Lair of Beasts
 12026 | Lair:1   | Noticed Gastronok
 12040 | Lair:1   | Killed Gastronok
 12333 | Lair:1   | Reached skill level 13 in Axes
 12592 | Lair:1   | Reached skill level 12 in Fighting
 12788 | Lair:1   | Noticed a seven-headed hydra
 12795 | Lair:1   | Killed a nine-headed hydra
 12932 | Lair:1   | Reached skill level 11 in Armour
 12987 | Lair:1   | Noticed a seven-headed hydra
 12998 | Lair:1   | Your ally Bogdan died
 12999 | Lair:1   | Your ally Boghold died
 13000 | Lair:1   | Killed a 12-headed hydra
 13001 | Lair:1   | Reached XP level 12. HP: 45/113 MP: 5/12
 13327 | Lair:1   | You add the spells Olgreb's Toxic Radiance, Ozocubu's
                  | Refrigeration and Ignition to your library.
 13767 | Lair:2   | Gained Bogfrid as an ally
 13830 | Lair:2   | Found a staircase to the Snake Pit.
 13913 | Lair:2   | You pick up a book of Blasting and begin reading...
 14017 | Lair:2   | Reached skill level 14 in Axes
 14051 | Lair:2   | Reached skill level 13 in Fighting
 14407 | Lair:2   | Noticed a boulder beetle
 14418 | Lair:2   | Killed a boulder beetle
 14428 | Lair:2   | Gained Rocco as an ally
 14448 | Lair:2   | Found a staircase to the Shoals.
 14906 | Lair:3   | Noticed an eight-headed hydra
 14906 | Lair:3   | Noticed a boulder beetle
 14913 | Lair:3   | Your ally Rocco died
 14915 | Lair:3   | Killed an eight-headed hydra
 14924 | Lair:3   | Killed a boulder beetle
 14925 | Lair:3   | Reached skill level 12 in Armour
 15232 | Lair:3   | Reached skill level 15 in Axes
 15440 | Lair:3   | Found a runed translucent gate.
 15440 | Lair:3   | Found a runed translucent gate.
 15440 | Lair:3   | Found a runed translucent gate.
 15441 | Lair:3   | Noticed Pooter's ghost (journeyman MiBe)
 15811 | Lair:3   | Reached skill level 14 in Fighting
 16143 | Lair:4   | Found a staircase to the Slime Pits.
 16143 | Lair:4   | Found a viscous altar of Jiyva.
 16255 | Lair:4   | Reached XP level 13. HP: 100/124 MP: 0/13
 16851 | Lair:4   | Reached skill level 13 in Armour
 17137 | Lair:5   | Entered Level 5 of the Lair of Beasts
 17320 | Lair:5   | Reached skill level 1 in Invocations
 17327 | Lair:5   | Found a dark tunnel.
 17355 | Lair:5   | Reached skill level 16 in Axes
 17358 | Lair:5   | Reached skill level 2 in Invocations
 17425 | Lair:5   | Found a frozen archway.
 17426 | Lair:5   | Noticed an ice dragon
 17433 | Lair:5   | Reached skill level 3 in Invocations
 17465 | Lair:5   | Killed an ice dragon
 17510 | IceCv    | Entered an ice cave
 17728 | IceCv    | Reached skill level 15 in Fighting
 17731 | IceCv    | Reached skill level 4 in Invocations
 18131 | IceCv    | Identified the ring of Joy {rCorr Int+6}
 18294 | IceCv    | Reached skill level 5 in Invocations
 18798 | IceCv    | Noticed a frost giant
 18826 | IceCv    | Reached skill level 6 in Invocations
 18835 | IceCv    | Reached skill level 14 in Armour
 18840 | IceCv    | Killed a frost giant
 19021 | IceCv    | Identified the +9 spear of the Shoals {antimagic, rF- Str+9
                  | Int+4 Dex+2}
 19022 | IceCv    | Identified the +9 spear of Okawaru's Indignation {vorpal,
                  | Contam rElec Stlth+}
 19118 | IceCv    | Reached skill level 7 in Invocations
 19130 | IceCv    | Reached XP level 14. HP: 68/136 MP: 0/19
 19858 | Lair:5   | Noticed Nessos
 19870 | Lair:5   | Killed Nessos
 20191 | Lair:5   | Reached skill level 16 in Fighting
 20529 | Lair:5   | Reached skill level 8 in Invocations
 20858 | Lair:5   | You are cast into the Abyss!
 20858 | Abyss:2  | Cast into level 2 of the Abyss (spriggan)
 20994 | Abyss:2  | Noticed an Executioner
 21005 | Abyss:2  | Killed an Executioner
 21088 | Abyss:3  | Noticed a lich
 21093 | Abyss:3  | Found a corrupted altar of Lugonu.
 21123 | Abyss:3  | Noticed a tentacled starspawn
 21126 | Abyss:3  | Found a corrupted altar of Lugonu.
 21211 | Abyss:3  | Noticed a tentacled starspawn
 21330 | Abyss:3  | Noticed a tentacled starspawn
 21348 | Abyss:3  | Found a corrupted altar of Lugonu.
 21379 | Abyss:3  | Found a corrupted altar of Lugonu.
 21409 | Lair:5   | You pass through the gate.
 21409 | Lair:5   | Escaped the Abyss
 21801 | Lair:5   | Reached skill level 9 in Invocations
 21966 | Lair:5   | Reached skill level 15 in Armour
 22116 | Lair:5   | Identified the ring "Oryviq" {Fire Will+ rCorr Stlth-}
 22130 | Lair:5   | Found a corrupted altar of Lugonu.
 22130 | Lair:5   | Found a one-way gate to the infinite horrors of the Abyss.
 22197 | Lair:5   | You pick up a book of Spectacle and begin reading...
 22197 | Lair:5   | You add the spells Dazzling Flash and Starburst to your
                  | library.
 22524 | D:11     | Noticed Lodul
 22536 | D:11     | Killed Lodul
 22715 | D:11     | You pick up a book of Sloth and begin reading...
 22715 | D:11     | You add the spells Petrify, Metabolic Englaciation and
                  | Statue Form to your library.
 22912 | D:11     | Identified the +1 helmet of Kepnaolua {Int+2}
 23008 | D:11     | Noticed Sonja
 23014 | D:11     | Killed Sonja
 23034 | D:11     | Reached ****** piety under Beogh
 23573 | D:12     | Reached skill level 10 in Invocations
 23918 | D:12     | Reached skill level 17 in Fighting
 23923 | D:12     | HP: 31/140 [freezing wraith (7)]
 23928 | D:12     | Your ally Bogfrid died
 23931 | D:12     | HP: 27/140 [ten-headed hydra (10)]
 23936 | D:12     | HP: 25/140 [11-headed hydra (12)]
 23939 | D:12     | HP: 5/140 [11-headed hydra (10)]
 23950 | D:12     | HP: 28/140 [fire elemental[a deep elf pyromancer] (13)]
 23953 | D:12     | HP: 12/140 [fire elemental[a deep elf pyromancer] (3)]
 23956 | D:12     | Slain by a fire elemental

Vanquished Creatures
  An Executioner (Abyss:2)
  A frost giant (IceCv)
  3 hydras
  A centaur warrior (D:12)
  A tengu warrior (D:12)
  4 death yaks (IceCv)
  2 thrashing horrors
  Sonja (D:11)
  Lodul (D:11)
  2 ugly things
  2 cyclopes
  An ice statue (IceCv)
  5 elephants
  2 gargoyles
  2 smoke demons (Lair:5)
  3 cane toads
  2 komodo dragons
  An anaconda simulacrum (Lair:2)
  An ice devil (Lair:2)
  A freezing wraith (D:12)
  14 polar bears
  A hornet (D:7)
  10 blink frogs
  4 trolls
  A shadow (D:12)
  45 yaks
  A basilisk (Lair:5)
  4 wyverns
  A human (shapeshifter) (D:12)
  2 steam dragons
  A vampire mosquito (D:12)
  3 wargs (D:9)
  An acid dragon (D:10)
  12 water moccasins
  Duvessa (D:6)
  An orc warrior (D:7)
  An ice beast (D:8)
  2 black bears (D:6)
  A sky beast (D:7)
  6 ogres
  2 centaurs
  23 wolves
  2 phantoms
  A kobold brigand (D:9)
  Blork the orc (D:5)
  10 bullfrogs
  A necrophage (D:7)
  A two-headed ogre simulacrum (Lair:2)
  2 scorpions
  4 wights (D:7)
  Dowan (D:6)
  4 small abominations
  An elephant simulacrum (Lair:2)
  11 killer bees
  3 howler monkeys
  6 hounds
  4 orc priests
  A gnoll bouda (D:7)
  2 jellies
  3 iguanas
  4 orc wizards
  A scorpion zombie (D:3)
  A polar bear simulacrum (Lair:2)
  15 gnolls
  11 adders
  2 white imps (D:6)
  An ufetubus (Abyss:3)
  2 worms
  2 dart slugs (D:1)
  12 orcs
  6 bats
  3 endoplasms
  A giant cockroach (D:1)
  8 goblins
  7 hobgoblins
  14 kobolds
  5 quokkas
  5 ball pythons
  2 frilled lizards
  A giant cockroach zombie (D:3)
  6 rats
341 creatures vanquished.

Vanquished Creatures (collateral kills)
  Gastronok (Lair:1)
  Nessos (Lair:5)
  5 hydras
  An ice dragon (Lair:5)
  3 boulder beetles
  Erolcha (D:9)
  A two-headed ogre (D:10)
  A death yak (Lair:4)
  2 thrashing horrors (Lair:5)
  A bog body (Lair:2)
  A deep elf pyromancer (D:12)
  3 ugly things
  5 large abominations
  A merfolk siren (Lair:2)
  5 elephants
  A smoke demon (Lair:5)
  A black mamba (Lair:4)
  4 cane toads
  2 rime drakes (Lair:5)
  Maggie (D:10)
  An ancient zyme (Lair:5)
  7 komodo dragons
  An efreet (Lair:5)
  An ice devil (Lair:2)
  A troll (D:9)
  2 polar bears
  17 blink frogs
  10 small abominations (Lair:5)
  A culicivora (shapeshifter) (Lair:5)
  2 spriggans (Lair:5)
  2 ynoxinuls (Lair:5)
  A basilisk (Lair:5)
  A wraith (D:11)
  18 yaks
  A steam dragon (D:8)
  4 vampire mosquitoes
  5 water moccasins
  An orc warrior (D:10)
  3 ogres (D:11)
  A centaur (D:8)
  5 wolves (Lair:3)
  3 kobold brigands
  3 bullfrogs (Lair:3)
  A two-headed ogre simulacrum (Lair:2)
  An elephant simulacrum (Lair:2)
  3 killer bees
  3 howler monkeys (D:10)
  2 orc wizards
  6 orcs
  8 kobolds
  A starspawn tentacle (Abyss:3)
157 creatures vanquished.

Vanquished Creatures (others)
  An orc warlord (D:12)
  2 orc knights
  2 death yaks (IceCv)
  An orc sorcerer (Lair:1)
  A yak (IceCv)
  5 orc warriors
  A small abomination (Lair:5)
  A hound (D:5)
  3 orc priests
  4 orc wizards
  13 orcs
  A demonic plant (Abyss:3)
  15 fungi
  2 lurking horrors
  36 plants
  5 starspawn tentacles (Abyss:3)
93 creatures vanquished.

Grand Total: 591 creatures vanquished

Table legend:
 A = Non-vault XP
 B = Vault XP
 C = Vault XP percentage of total XP
 D = Non-vault monster count
 E = Vault monster count
 F = Vault count percentage of total count
                 A         B        C        D         E       F
            +---------+---------+-------+---------+---------+-------
      Total |   43234 |   38983 |  47.4 |     335 |     164 |  32.9
            +---------+---------+-------+---------+---------+-------
        D:1 |      30 |       3 |   9.1 |      14 |       2 |  12.5
        D:2 |      89 |       0 |   0.0 |      12 |       0 |   0.0
        D:3 |     291 |      79 |  21.4 |      30 |       4 |  11.8
        D:4 |     344 |      13 |   3.6 |      14 |       1 |   6.7
        D:5 |     599 |      48 |   7.4 |      19 |       1 |   5.0
        D:6 |     924 |     267 |  22.4 |      14 |       4 |  22.2
        D:7 |    1490 |       0 |   0.0 |      23 |       0 |   0.0
        D:8 |    1271 |    1178 |  48.1 |      22 |       3 |  12.0
        D:9 |    1833 |    1203 |  39.6 |      22 |       4 |  15.4
       D:10 |    3222 |     225 |   6.5 |      30 |       1 |   3.2
       D:11 |    2633 |    1762 |  40.1 |      17 |       9 |  34.6
       D:12 |    3510 |    3068 |  46.6 |      10 |       6 |  37.5
     Lair:1 |    4295 |    1649 |  27.7 |      17 |       4 |  19.0
     Lair:2 |    2317 |    2618 |  53.0 |       9 |      14 |  60.9
     Lair:3 |    6254 |       0 |   0.0 |      33 |       0 |   0.0
     Lair:4 |    3494 |    1603 |  31.4 |      13 |       7 |  35.0
     Lair:5 |    7653 |   11071 |  59.1 |      30 |      50 |  62.5
    Abyss:2 |    1600 |       0 |   0.0 |       2 |       0 |   0.0
    Abyss:3 |    1385 |       0 |   0.0 |       4 |       0 |   0.0
      IceCv |       0 |   14196 | 100.0 |       0 |      54 | 100.0
            +---------+---------+-------+---------+---------+-------

Illustrated notes

Table legend:
 A = Kills in this place as a percentage of kills in entire the game.
 B = Kills by you in this place as a percentage of kills by you in the entire game.
 C = Kills by friends in this place as a percentage of kills by friends in the entire game.
 D = Other kills in this place as a percentage of other kills in the entire game.
 E = Experience gained in this place as a percentage of experience gained in the entire game.
 F = Experience gained in this place divided by the number of levels of this place that you have seen.
                   A       B       C       D       E      F
               +-------+-------+-------+-------+-------+----------------------
         Total | 100.0 | 100.0 | 100.0 | 100.0 | 100.0 | 4110.9
       Dungeon |  52.5 |  62.8 |  30.8 |   0.0 |  29.3 | 2006.8
          Lair |  35.5 |  20.8 |  67.9 |   0.0 |  49.8 | 8190.8
         Abyss |   1.2 |   1.5 |   0.6 |   0.0 |   3.6 | 1492.5
      Ice Cave |  10.8 |  15.0 |   0.6 | 100.0 |  17.3 | 14196.0
               +-------+-------+-------+-------+-------+----------------------

Table legend: (Time is in decaauts)
 A = Elapsed time spent in this place.
 B = Non-inter-level travel time spent in this place.
 C = Inter-level travel time spent in this place.
 D = Time resting spent in this place.
 E = Time spent auto-exploring this place.
 F = Levels seen in this place.
 G = Mean time per level.
                   A        B        C        D        E       F      G
               +--------+--------+--------+--------+--------+-----+--------+
         Total |  23574 |  23140 |    434 |   1652 |  17834 |  20 | 1178.7 |
       Dungeon |  13424 |  13153 |    271 |    857 |  10474 |  12 | 1118.7 |
          Lair |   7552 |   7389 |    163 |    194 |   6233 |   5 | 1510.4 |
         Abyss |    515 |    515 |      0 |     52 |      0 |   2 |  257.5 |
      Ice Cave |   2082 |   2082 |      0 |    549 |   1127 |   1 | 2082.0 |
               +--------+--------+--------+--------+--------+-----+--------+

Top non-repeatable levels by time:
  Lair:5: 2429 daAuts
   IceCv: 2082 daAuts
  Lair:1: 1612 daAuts
     D:5: 1548 daAuts
     D:3: 1473 daAuts
     D:2: 1366 daAuts
  Lair:3: 1350 daAuts
     D:8: 1334 daAuts
    D:10: 1230 daAuts
     D:9: 1216 daAuts
     D:4: 1201 daAuts
  Lair:2: 1125 daAuts
    D:11: 1046 daAuts
  Lair:4: 1034 daAuts
     D:1: 987 daAuts
